 Dungeon Crawl Stone Soup version 0.19.1 (webtiles) character file.

310 Ladykiller69 the Cutter (level 6, 0/42 HPs)
             Began as a High Elf Fighter on Dec 15, 2016.
             Slain by an orc warrior
             ... wielding a +0 short sword
              (1 damage)
             ... on level 4 of the Dungeon.
             The game lasted 00:11:01 (4102 turns).

Ladykiller69 the Cutter (High Elf Fighter)          Turns: 4102, Time: 00:11:02

Health: 0/42       AC:  8    Str: 16    XL:     6   Next: 17%
Magic:  7/7        EV:  7    Int: 13    God:
Gold:   149        SH:  9    Dex: 15    Spells: 0 memorised, 5 levels left

rFire  . . .     SeeInvis .     a - +0 rapier
rCold  . . .     Gourm    .     b - +0 scale mail
rNeg   . . .     Faith    .     c - +0 shield
rPois  .         Spirit   .     (no helmet)
rElec  .         Reflect  .     m - +0 cloak
rCorr  .         Harm     .     (no gloves)
MR     .....                    (no boots)
Stlth  ..........               (no amulet)
                                (no ring)
                                (no ring)

@: no status effects
A: no striking features
a: no special abilities


You were on level 4 of the Dungeon.
You were very hungry.

You visited 1 branch of the dungeon, and saw 4 of its levels.

You collected 149 gold pieces.

Inventory:

Hand Weapons
 a - a +0 rapier (weapon)
 t - a +0 whip of distortion
Missiles
 n - 37 stones (quivered)
Armour
 b - a +0 scale mail (worn)
 c - a +0 shield (worn)
 m - a +0 cloak (worn)
Jewellery
 v - an uncursed ring of protection from cold {unknown}
 w - an uncursed ring of positive energy {unknown}
Wands
 r - a wand of slowing (29/48)
Scrolls
 i - 3 scrolls of remove curse {unknown}
 p - a scroll of magic mapping {unknown}
 q - 3 scrolls of amnesia {unknown}
 s - a scroll of random uselessness {unknown}
 x - a scroll of fear {unknown}
 y - a scroll of teleportation {unknown}
 B - a scroll of identify {unknown}
Potions
 d - a potion of might
 e - a potion of mutation {unknown}
 g - 2 potions of magic {unknown}
 h - a potion of curing {unknown}
 j - a potion of haste {unknown}
 k - 3 potions of heal wounds {unknown}
 l - a potion of invisibility {unknown}
 o - a potion of brilliance {unknown}
 u - a potion of degeneration {unknown}
Comestibles
 f - 4 bread rations
 A - a meat ration


   Skills:
 - Level 3.0 Fighting
 * Level 5.9 Short Blades
 + Level 3.9 Armour
 + Level 3.7 Shields


You had 5 spell levels left.
You didn't know any spells.

Dungeon Overview and Level Annotations

Branches:
Dungeon (4/15)
 Temple: D:4-7

Altars:
Fedhas


Message History

The orc warrior is moderately wounded.
You block the orc warrior's attack.
You closely miss the orc warrior.
The orc warrior is moderately wounded.
The orc warrior hits you with a short sword!
* * * LOW HITPOINT WARNING * * *
You are too injured to fight recklessly!
You barely miss the orc warrior.
The orc warrior is moderately wounded.
You are feeling very hungry.
The orc warrior hits you with a short sword!
* * * LOW HITPOINT WARNING * * *
You hit the orc warrior but do no damage.
The orc warrior is moderately wounded.
The orc warrior hits you with a short sword.
* * * LOW HITPOINT WARNING * * *
You hit the orc warrior.
The orc warrior is moderately wounded.
The orc warrior hits you with a short sword.
You die...

.##......# #..........#
############..........#
###########..[........#
......................#
.#........##########.##
...#########.......#.#
#### ..#...#.# #.#..#.#
#@#.'.# #o#..###
..#...# #..[....#
#########


You could see an orc warrior.

Vanquished Creatures
  A centaur (D:3)
  An orc priest (D:3)
  An orc wizard (D:4)
  A worker ant (D:4)
  6 adders
  An ooze (D:2)
  2 worms
  A dart slug (D:1)
  3 leopard geckos
  8 orcs
  5 giant cockroaches
  9 goblins
  3 hobgoblins (D:3)
  7 jackals
  6 kobolds
  3 quokkas
  5 bats
  7 frilled lizards
  7 rats
77 creatures vanquished.

Notes
Turn   | Place    | Note
-------+----------+-------------------------------------------
     0 | D:1      | Ladykiller69 the High Elf Fighter began the quest for the Orb.
     0 | D:1      | Reached XP level 1. HP: 16/16 MP: 2/2
   240 | D:1      | Reached skill level 3 in Short Blades
   240 | D:1      | Reached XP level 2. HP: 21/21 MP: 3/3
   729 | D:2      | Reached XP level 3. HP: 17/26 MP: 4/4
  1040 | D:2      | Reached skill level 4 in Short Blades
  1514 | D:3      | Noticed a centaur
  1532 | D:3      | Reached XP level 4. HP: 17/31 MP: 5/5
  2420 | D:3      | Found a blossoming altar of Fedhas.
  2466 | D:3      | Killed a centaur
  2466 | D:3      | Reached skill level 5 in Short Blades
  2466 | D:3      | Reached XP level 5. HP: 20/36 MP: 6/6
  3365 | D:4      | Noticed an ogre
  3545 | D:4      | Reached XP level 6. HP: 40/42 MP: 7/7
  3705 | D:4      | HP: 2/42 [poisoned by a worker ant]
  3713 | D:4      | HP: 1/42 [poisoned by a worker ant]
  4080 | D:4      | Noticed an orc warrior
  4101 | D:4      | HP: 1/42 [orc warrior/short sword (3)]
  4102 | D:4      | Slain by an orc warrior

Skill      XL: |  1  2  3  4 |
---------------+-------------+-----
Short Blades   | 3 4 5 |  5.9
Armour         | 3 |  3.9
Shields        | 3 |  3.7
Fighting       | |  3.0

Action                   |  1- 3 |  4- 6 || total
-------------------------+-------+-------++-------
Melee: Rapier            |   135 |   219 ||   354
Throw: Stone             |       |     4 ||     4
  Eat: Pizza             |     1 |       ||     1
       Chunk             |       |     8 ||     8
Armor: Scale mail        |    67 |    94 ||   161
Dodge: Dodged            |    30 |    53 ||    83
Block: Shield            |    53 |    89 ||   142
